 Dungeon Crawl Stone Soup version 0.22-a0-603-gfc1114d (webtiles) character file.

7371 Amnesiac the Nimble (level 10, -18/60 HPs)
             Began as a Deep Elf Wizard on July 7, 2018.
             Was a Priest of Sif Muna.
             Demolished by a two-headed ogre
             ... wielding a +0 dire flail
              (21 damage)
             ... on level 9 of the Dungeon.
             The game lasted 00:26:26 (13163 turns).

Amnesiac the Nimble (Deep Elf Wizard)              Turns: 13163, Time: 00:26:27

Health: -18/60     AC:  6    Str:  4    XL:     10   Next: 91%
Magic:  0/24       EV: 16    Int: 27    God:    Sif Muna [***...]
Gold:   603        SH:  3    Dex: 13    Spells: 5/25 levels left

rFire    . . .     SeeInvis .   a - +2 hunting sling (freeze)
rCold    . . .     Gourm    .   (no shield)
rNeg     + . .     Faith    .   o - +0 robe
rPois    .         Spirit   +   m - +0 helmet
rElec    .         Reflect  +   l - scarf {Spirit}
rCorr    .         Harm     .   G - +2 pair of gloves
MR       +....                  (no boots)
Stlth    ++........             w - +3 amulet of reflection
HPRegen  0.20/turn              (no ring)
MPRegen  0.19/turn              D - ring of positive energy

@: very slightly contaminated, no casting
A: no striking features
a: Stop Divine Energy, Channel Magic, Renounce Religion


You were on level 9 of the Dungeon.
You worshipped Sif Muna.
Sif Muna was most pleased with you.
You were not hungry.

You visited 2 branches of the dungeon, and saw 10 of its levels.

You collected 603 gold pieces.

Inventory:

Hand Weapons
 a - a +2 hunting sling of freezing (weapon)
 i - a +1 dagger of draining
Missiles
 p - 121 stones (quivered)
 r - 77 sling bullets
Armour
 l - a scarf of spirit shield (worn)
 m - a +0 helmet (worn)
 o - a +0 robe (worn)
 q - a +0 buckler
 G - a +2 pair of gloves (worn)
Jewellery
 w - a +3 amulet of reflection (around neck)
 D - a ring of positive energy (right hand)
Wands
 c - a wand of scattershot (6)
 n - a wand of flame (32)
 E - a wand of paralysis (11)
Scrolls
 e - a scroll of remove curse {!r}
 f - 3 scrolls of teleportation {!r}
 g - 4 scrolls of amnesia {!r}
 k - 2 scrolls of identify {!r}
 v - a scroll of enchant armour {!r}
 y - 3 scrolls of blinking {!r}
 F - 2 scrolls of magic mapping {!r, unknown}
Potions
 b - 4 potions of curing {!q}
 h - 2 potions of invisibility {!q}
 j - a potion of flight {!q}
 s - 2 potions of agility {!q}
 t - a potion of lignification {!q, unknown}
 u - a potion of berserk rage {!q}
 x - 2 potions of heal wounds {!q}
 z - 3 potions of mutation {!q}
 A - a potion of haste {!q}
 C - a potion of brilliance {!q}
Comestibles
 d - 20 rations


   Skills:
 - Level 6.0 Fighting
 - Level 8.0 Dodging
 - Level 2.4 Stealth
 - Level 8.0 Spellcasting
 - Level 8.0 Conjurations
 + Level 4.2 Summonings
 - Level 6.0 Necromancy
 - Level 1.1 Translocations
 - Level 6.0 Air Magic
 - Level 6.0 Earth Magic


You had 5 spell levels left.
You knew the following spells:

 Your Spells              Type           Power        Failure   Level  Hunger
a - Magic Dart            Conj           ####         1%          1    None
b - Call Imp              Summ           ####....     1%          2    None
c - Mephitic Cloud        Conj/Pois/Air  #####...     2%          3    None
d - Summon Lightning Spi  Summ/Air       #####...     6%          4    ##.....
e - Borgnjor's Vile Clut  Necr/Erth      #####.....   12%         5    ####...
s - Conjure Flame         Conj/Fire      ####....     3%          3    None
v - Blink                 Tloc           N/A          4%          2    None

Your spell library contained the following spells:

 Spells                   Type           Power        Failure   Level  Hunger
 Apportation              Tloc           ###...       3%          1    None
 Slow                     Hex            ##......     8%          2    None
 Summon Small Mammal      Summ           ####         1%          1    None
 Animate Skeleton         Necr           N/A          1%          1    None
 Summon Ice Beast         Ice/Summ       ###.....     22%         4    ##.....
 Shadow Creatures         Summ           N/A          80%         6    ######.
 Confusing Touch          Hex            ##....       5%          1    None
 Call Canine Familiar     Summ           ####....     2%          3    None
 Ensorcelled Hibernation  Hex/Ice        ##....       8%          2    None
 Silence                  Hex/Air        ####......   38%         5    ####...
 Darkness                 Hex            ##........   100%        6    ######.
 Summon Guardian Golem    Hex/Summ       ###.....     7%          3    None


Dungeon Overview and Level Annotations

Branches:
Dungeon (9/15)             Temple (1/1) D:5
   Lair: D:8-11         Orc: D:9-12

Altars:
Ashenzari
Cheibriados
Dithmenos
Elyvilon
Fedhas
Gozag
Hepliaklqana
Kikubaaqudgha
Makhleb
Nemelex Xobeh
Okawaru
Qazlal
Ru
Sif Muna
Trog
Uskayaw
Vehumet
Wu Jian
Xom
Yredelemnul
Zin
The Shining One


Message History

The stone hits the komodo dragon but does no damage.
The komodo dragon is heavily wounded.
A two-headed ogre comes into view.
It is wielding a dire flail and a giant club.
The komodo dragon is engulfed in blazing flames.
You block the komodo dragon's attack.
Firing (i - inventory. (/) - cycle)
p - 124 stones (quivered)
Press: ? - help, Shift-Dir - straight line, f/p - komodo dragon
Aim: a komodo dragon (flame, heavily wounded)
You shoot a stone.
The stone hits the komodo dragon but does no damage.
The komodo dragon is heavily wounded.
The komodo dragon is engulfed in blazing flames.
The komodo dragon barely misses you.
Firing (i - inventory. (/) - cycle)
p - 123 stones (quivered)
Press: ? - help, Shift-Dir - straight line, f/p - komodo dragon
Aim: a komodo dragon (flame, almost dead)
You shoot a stone.
The stone hits the komodo dragon but does no damage.
The komodo dragon is almost dead.
The komodo dragon is engulfed in blazing flames.
You kill the komodo dragon!
Sif Muna accepts your kill.
Your Summonings skill increases to level 4!
Casting: Conjure Flame (safe; 3% risk of failure)
Confirm with . or Enter, or press ? or * to list all spells.
Aiming: Conjure Flame (safe; 3% risk of failure)
Press: ? - help, Dir - move target cursor The fire ignites!
The orc wizard points at you and mumbles some strange words.
The magic dart hits you!
The orc wizard casts a spell.
The orc wizard seems to speed up.
The two-headed ogre is engulfed in blazing flames.
Casting: Conjure Flame (safe; 3% risk of failure)
Confirm with . or Enter, or press ? or * to list all spells.
Aiming: Conjure Flame (safe; 3% risk of failure)
Press: ? - help, Dir - move target cursor The fire ignites!
The two-headed ogre is engulfed in blazing flames.
Firing (i - inventory. (/) - cycle)
p - 122 stones (quivered)
Press: ? - help, Shift-Dir - straight line, f - two-headed ogre
Aim: a two-headed ogre, wielding a dire flail and a giant club (flame, moderately wounded)
You shoot a stone. The stone hits the two-headed ogre.
The stone freezes the two-headed ogre.
The two-headed ogre is heavily wounded.
The two-headed ogre is engulfed in blazing flames.
The two-headed ogre hits you with a dire flail!
* * * LOW HITPOINT WARNING * * *
The two-headed ogre hits you with a giant club!!
* * * LOW HITPOINT WARNING * * *
Okay, then.
Casting: Conjure Flame (safe; 3% risk of failure)
Confirm with . or Enter, or press ? or * to list all spells.
Aiming: Borgnjor's Vile Clutch (slightly dangerous; 12% risk of failure)
Press: ? - help, Dir - move target cursor, p - two-headed ogre You miscast Borgnjor's Vile Clutch.
You are very lightly contaminated with residual magic.
You are showered with tiny particles of grit.
Sif Muna grants you divine energy.
You briefly lose access to your magic!
The two-headed ogre is engulfed in blazing flames.
You block the two-headed ogre's attack.
The two-headed ogre hits you with a giant club!!
You die...

######..##..###########.##
#.........................
#.#####.##############..##
#.# #.## #.# #.#
.#####.### ####.###
.....:....#########.......
####.####.#...........#...
.. #@#.#######....... #..
#O# #....... #. #ยง#
#....... .


ya8yO.(o# #....... .O.y..#.# #....... ...l.y#.. #.##.### ..... #.. #.##.###
##.## #... ######.##.... ... ...........>...... You could see a two-headed ogre
and an orc wizard.

Vanquished Creatures
  Pikel (D:5)
  Joseph (D:7)
  A komodo dragon (D:9)
  A troll (D:9)
  A hornet (D:8)
  3 hippogriffs
  9 yaks (D:9)
  A hungry ghost (D:8)
  Menkaure (D:7)
  A vampire mosquito (D:9)
  Duvessa (D:7)
  4 orc warriors
  3 slaves (D:5)
  3 ice beasts
  2 black bears (D:7)
  An ogre (D:7)
  2 phantoms
  A big kobold (D:8)
  4 centaurs
  3 bullfrogs (D:8)
  Dowan (D:7)
  5 howler monkeys
  A centaur zombie (D:8)
  4 crimson imps
  A bullfrog zombie (D:8)
  A quasit (D:9)
  5 orc priests
  4 jellies
  4 hounds
  Crazy Yiuf (D:7)
  5 iguanas
  12 orc wizards
  9 worker ants
  A hound skeleton (D:5)
  Robin (D:3)
  9 adders
  A howler monkey skeleton (D:8)
  3 shadow imps
  5 oozes (D:9)
  2 adder skeletons
  2 adder zombies
  2 worms
  A dart slug (D:1)
  2 leopard geckos
  27 orcs
  3 bats
  6 giant cockroaches
  9 hobgoblins
  3 jackals (D:3)
  7 quokkas
  3 frilled lizards
  17 goblins
  7 kobolds
  2 leopard gecko skeletons
  A leopard gecko zombie (D:7)
  6 rats
  3 butterflies (D:7)
  2 plants (D:3)
222 creatures vanquished.

Vanquished Creatures (collateral kills)
  4 scorpions
  A crimson imp (D:7)
  An orc priest (D:8)
  A worker ant (D:7)
  2 orcs (D:8)
9 creatures vanquished.

Vanquished Creatures (others)
  A slave (D:5)
  A scorpion (D:7)
  A hound skeleton (D:7)
3 creatures vanquished.

Grand Total: 234 creatures vanquished

Notes
Turn   | Place    | Note
-------+----------+-------------------------------------------
     0 | D:1      | Amnesiac the Deep Elf Wizard began the quest for the Orb.
     0 | D:1      | Reached XP level 1. HP: 10/10 MP: 7/7
   184 | D:1      | Reached XP level 2. HP: 15/15 MP: 1/9
   190 | D:1      | Learned a level 2 spell: Blink
   193 | D:1      | Learned a level 2 spell: Call Imp
   732 | D:2      | Reached XP level 3. HP: 17/19 MP: 3/11
   897 | D:2      | You fall through a shaft for 2 floors!
   952 | D:4      | Noticed a scorpion
   972 | D:4      | Killed a scorpion
   977 | D:4      | Learned a level 3 spell: Conjure Flame
   981 | D:4      | Learned a level 3 spell: Mephitic Cloud
  1152 | D:3      | Found a snail-covered altar of Cheibriados.
  1205 | D:3      | Reached XP level 4. HP: 24/24 MP: 7/12
  1468 | D:2      | You fall through a shaft!
  1643 | D:3      | Found a shadowy altar of Dithmenos.
  1712 | D:3      | Found an ornate altar of the Wu Jian Council.
  1843 | D:3      | Reached skill level 1 in Fighting
  1882 | D:3      | Noticed Robin
  1896 | D:3      | Killed Robin
  2923 | D:3      | Reached XP level 5. HP: 29/30 MP: 6/13
  3278 | D:3      | Found a glowing silver altar of Zin.
  3605 | D:4      | Reached skill level 5 in Conjurations
  3938 | D:4      | Reached XP level 6. HP: 25/36 MP: 10/14
  4167 | D:5      | Entered Level 5 of the Dungeon
  4182 | D:5      | Found a stormy altar of Qazlal.
  4616 | D:5      | Found a staircase to the Ecumenical Temple.
  4805 | D:5      | Reached XP level 7. HP: 13/43 MP: 0/15
  4876 | D:5      | Found a shattered altar of Ashenzari.
  5316 | D:5      | Noticed Pikel
  5401 | D:5      | Killed Pikel
  5401 | D:5      | Reached XP level 8. HP: 48/48 MP: 3/16
  5836 | D:5      | Reached skill level 5 in Fighting
  6849 | D:6      | Found a blossoming altar of Fedhas.
  6850 | D:6      | Found a burning altar of Makhleb.
  7181 | Temple   | Entered the Ecumenical Temple
  7368 | Temple   | Became a worshipper of Vehumet
  7507 | D:7      | Found a runed door.
  7551 | D:7      | Noticed Crazy Yiuf
  7559 | D:7      | Killed Crazy Yiuf
  7559 | D:7      | Reached skill level 5 in Spellcasting
  7698 | D:7      | Noticed Duvessa
  7715 | D:7      | Noticed Dowan
  7754 | D:7      | Killed Dowan
  7757 | D:7      | Killed Duvessa
  7757 | D:7      | Reached XP level 9. HP: 31/55 MP: 2/19
  7882 | D:7      | Noticed Joseph
  8013 | D:7      | Killed Joseph
  8096 | Temple   | Fell from the grace of Vehumet
  8096 | Temple   | Became a worshipper of Sif Muna the Loreminder
  8127 | D:6      | Learned a level 5 spell: Borgnjor's Vile Clutch
  8220 | D:7      | Reached skill level 1 in Earth Magic
  8697 | D:7      | Found a bloodstained altar of Trog.
  8734 | D:7      | Found a bloodstained altar of Trog.
  8967 | D:7      | Noticed Menkaure
  8996 | D:7      | Killed Menkaure
  9200 | D:7      | Reached * piety under Sif Muna
  9200 | D:7      | Reached skill level 5 in Earth Magic
  9257 | D:7      | Reached skill level 1 in Necromancy
  9888 | D:7      | Found a runed door.
  9906 | D:7      | Found a runed door.
  9934 | D:7      | Reached skill level 5 in Necromancy
 10413 | D:8      | Reached ** piety under Sif Muna
 10416 | D:8      | Reached XP level 10. HP: 55/60 MP: 11/22
 10473 | D:8      | Learned a level 4 spell: Summon Lightning Spire
 10717 | D:8      | Found a sparkling altar of Nemelex Xobeh.
 12151 | D:9      | Reached skill level 1 in Air Magic
 12262 | D:9      | Reached *** piety under Sif Muna
 12655 | D:9      | Reached skill level 5 in Air Magic
 13154 | D:9      | Noticed a two-headed ogre
 13162 | D:9      | HP: 3/60 [two-headed ogre/dire flail (18)]
 13163 | D:9      | Demolished by a two-headed ogre

Vault maps used:
D:1:      dpeg_arrival_tiny_h
D:3:      wad_woods_stonehenge, zin_statuary, nicolae_overflow_hidden_temple,
          nicolae_dithmenos_shadow_blocks, uniq_robin
D:4:      first_ration, kennysheep_nub, nrook_loot_triangle, grunt_ministairs_7
D:5:      ashenzari_altar_1, minmay_temple_entry_from_below_b,
          minmay_misc_feat_secret_circle, nicolae_qazlal_general_emergency,
          uniq_pikel
D:6:      gammafunk_temple_overflow_statue, grunt_ministairs_13,
          hangedman_decor_clover_reticule, hex_medium
D:7:      lemuel_insect_pit, lightli_temple_of_fire, basic_altar, uniq_joseph,
          uniq_crazy_yiuf_cottage, uniq_menkaure, uniq_duvessa
D:8:      kennysheep_little_box
D:9:      lair_entry_dummy, hangedman_little_slice_of_home, minivault_28
Temple:   eino_narrow_crystal_temple

Skill      XL: |  1  2  3  4  5  6  7  8  9 10 |
---------------+-------------------------------+-----
Conjurations   | 2 3 4 5 6 7 8 |  8.0
Fighting       | 2 4 6 |  6.0
Dodging        | 3 7 8 |  8.0
Spellcasting   | 5 7 8 |  8.0
Earth Magic    | 6 |  6.0
Necromancy     | 5 6 |  6.0
Air Magic      | 6 |  6.0
Summonings     | 4 |  4.2
Stealth        | |  2.4
Translocations | |  1.1

Action                   |  1- 3 |  4- 6 |  7- 9 | 10-12 || total
-------------------------+-------+-------+-------+-------++-------
Melee: Unarmed           |     1 |       |       |       ||     1
       Dagger            |       |    10 |       |       ||    10
 Fire: Hunting sling     |       |   156 |   114 |    42 ||   312
 Cast: Magic Dart        |    54 |   133 |   303 |   149 ||   639
       Call Imp          |     3 |    10 |       |       ||    13
       Mephitic Cloud    |       |     3 |    11 |     3 ||    17
       Blink             |       |     8 |    14 |     2 ||    24
       Conjure Flame     |       |       |    16 |    16 ||    32
       Borgnjor's Vile C |       |       |       |     8 ||     8
       Summon Lightning  |       |       |       |     3 ||     3
Invok: Divine Energy     |       |       |     1 |       ||     1
Evoke: Wand              |       |       |    11 |       ||    11
  Use: Scroll            |       |    15 |     2 |       ||    17
       Potion            |       |     1 |       |     2 ||     3
  Eat: Chunk             |     1 |     9 |    12 |    10 ||    32
       Ration            |       |       |     2 |       ||     2
Armor: Robe              |     5 |    14 |     9 |     8 ||    36
Dodge: Dodged            |    16 |    47 |    97 |    92 ||   252
Block: Other             |       |     3 |    14 |    16 ||    33
       Reflection        |       |       |     1 |       ||     1

Table legend:
 A = Spawn XP
 B = Non-spawn XP
 C = Spawn XP percentage of total XP
 D = Spawn monster count
 E = Non-spawn monster count
 F = Spawn count percentage of total count
 G = Total turns spent on level
                    A         B        C        D         E        F      G
               +---------+---------+-------+---------+---------+-------+---------
         Total |       0 |   10530 |   0.0 |       0 |     225 |   0.0 | 13163
               +---------+---------+-------+---------+---------+-------+---------
           D:1 |       0 |      25 |   0.0 |       0 |      14 |   0.0 |   770
           D:2 |       0 |      49 |   0.0 |       0 |      13 |   0.0 |   952
           D:3 |       0 |     123 |   0.0 |       0 |      38 |   0.0 |  1492
           D:4 |       0 |     197 |   0.0 |       0 |       9 |   0.0 |  1249
           D:5 |       0 |    1485 |   0.0 |       0 |      25 |   0.0 |  1790
           D:6 |       0 |     397 |   0.0 |       0 |       7 |   0.0 |  1054
           D:7 |       0 |    2668 |   0.0 |       0 |      50 |   0.0 |  3135
           D:8 |       0 |    2137 |   0.0 |       0 |      40 |   0.0 |  1452
           D:9 |       0 |    3449 |   0.0 |       0 |      29 |   0.0 |  1035
               +---------+---------+-------+---------+---------+-------+---------
